 Dungeon Crawl Stone Soup version 0.26-a0-800-g517d6fe721 (webtiles) character file.

Game seed: 3768260040677594220

6921 lunkers the Frost Mage (level 11, -17/74 HPs)
             Began as an Octopode Ice Elementalist on Nov 11, 2020.
             Was a Believer of Ashenzari.
             Demolished by a two-headed ogre
             ... wielding a +0 giant club
              (31 damage)
             ... on level 8 of the Dungeon.
             The game lasted 00:19:55 (13485 turns).

lunkers the Frost Mage (Octopode Ice Elementalist) Turns: 13485, Time: 00:19:56

Health: -17/74     AC:  1    Str: 10    XL:     11   Next: 7%
Magic:  9/22       EV: 16    Int: 22    God:    Ashenzari [**....]
Gold:   748        SH: 10    Dex: 12    Spells: 14/25 levels left

rFire    . . .     SeeInvis .   w - +5 hand axe of Tender Mercy {flame, Str+3}
rCold    . . .     Faith    .   s - +0 kite shield (curse)
rNeg     . . .     Spirit   .   (helmet restricted)
rPois    .         Reflect  .   r - amulet of magic regeneration (curse)
rElec    .         Harm     .   C - +4 ring of evasion (curse)
rCorr    .         Rampage  .   (no ring)
MR       .....                  (no ring)
Stlth    +++.......             (no ring)
HPRegen  0.22/turn              (no ring)
MPRegen  0.43/turn              (no ring)
                                (no ring)
                                (no ring)

@: frozen ramparts
A: almost no armour, stealthy swim, amphibious, 8 rings, constrict 8, camouflage
1, gelatinous body 1
a: Curse Item, Scrying, Renounce Religion


You were on level 8 of the Dungeon.
You worshipped Ashenzari.
Ashenzari was pleased with you.
You visited 2 branches of the dungeon, and saw 10 of its levels.
You also visited: Bailey.

You collected 748 gold pieces.

Inventory:

Hand Weapons
 c - a +3 dagger
 w - the +5 hand axe of Tender Mercy (weapon) {flame, Str+3}
   (You found it on level 7 of the Dungeon)

   It has been specially enchanted to burn those struck by it, causing extra
   injury to most foes and up to half again as much damage against particularly
   susceptible opponents.
   Big, fiery blades are also staple armaments of hydra-hunters.
   It affects your strength (+3).
Missiles
 x - 31 boomerangs (quivered)
Armour
 e - a +0 kite shield
 s - a cursed +0 kite shield (worn)
Magical Staves
 A - an uncursed staff of earth
Jewellery
 m - an uncursed amulet of the acrobat
 r - a cursed amulet of magic regeneration (around mantle)
 C - a cursed +4 ring of evasion (left tentacle)
Wands
 g - a wand of disintegration (11)
 j - a wand of flame (13)
 l - a wand of paralysis (9)
Scrolls
 a - 4 scrolls of identify {unknown}
 b - 7 scrolls of teleportation {unknown}
 k - a scroll of immolation {unknown}
 o - 3 scrolls of magic mapping {unknown}
 p - 2 scrolls of amnesia {unknown}
 y - a scroll of fog {unknown}
 B - a scroll of fear {unknown}
Potions
 d - 2 potions of curing
 f - a potion of flight {unknown}
 h - 2 potions of might {unknown}
 i - a potion of attraction {unknown}
 n - 3 potions of lignification {unknown}
 q - 2 potions of haste {unknown}
 u - a potion of heal wounds {unknown}
 v - a potion of berserk rage {unknown}
 z - a potion of brilliance {unknown}


   Skills:
 + Level 6.5 Fighting
 - Level 2.0 Dodging
 - Level 2.6 Stealth
 + Level 5.9(7.4) Shields
 + Level 7.5 Spellcasting
 * Level 11.7 Ice Magic
 - Level 3.0 Evocations


You had 14 spell levels left.
You knew the following spells:

 Your Spells              Type           Power        Failure   Level
a - Freeze                Ice            ####         1%          1
b - Frozen Ramparts       Ice            ######       1%          3
c - Ozocubu's Armour      Ice            ######..     1%          3
d - Summon Ice Beast      Ice/Summ       ####....     19%         4

Your spell library contained the following spells:

 Spells                   Type           Power        Failure   Level
 Hailstorm                Conj/Ice       ####....     19%         4
 Magic Dart               Conj           #...         21%         1
 Searing Ray              Conj           #.....       30%         2
 Dazzling Flash           Conj/Hex       #.....       52%         3
 Fulminant Prism          Conj/Hex       #.........   90%         4
 Iskenderun's Mystic Bla  Conj/Tloc      #.......     90%         4


Dungeon Overview and Level Annotations

Branches:
Dungeon (9/15)             Temple (1/1) D:4             Orc (0/2) D:9
 Bailey (visited)
   Lair: D:8-11

Altars:
Ashenzari
Cheibriados
Dithmenos
Elyvilon
Fedhas
Gozag
Hepliaklqana
Kikubaaqudgha
Makhleb
Nemelex Xobeh
Okawaru
Qazlal
Ru
Sif Muna
Trog
Uskayaw
Vehumet
Wu Jian
Xom
Yredelemnul
Zin
The Shining One

Shops:
D:8 [


Innate Abilities, Weirdness & Mutations

You cannot wear most types of armour.
You are very stealthy in the water. (Stealth+)
You are amphibious.
You can wear up to eight rings at the same time.
You can use your tentacles to constrict eight enemies at once.
Your skin changes colour to match your surroundings (Stealth+).
Your rubbery body absorbs attacks. (AC +1, EV +1)


Message History

a +0 hand axe; a +0 chain mail; an orc corpse Your ice beast disappears in a puff of smoke!
The wall freezes the two-headed ogre.
The wall freezes the adder!
You kill the adder!
There is an open door here.
Your ice beast disappears in a puff of smoke!
You see here an arrow.
There is an open door here.
Casting: Frozen Ramparts (safe; 1% risk of failure)
Confirm with . or Enter, or press ? or * to list all spells.
You cannot sustain more frozen ramparts right now.
The frozen ramparts melt away.
Things that are here:
a +0 great sword; a +0 plate armour
Casting: Frozen Ramparts (safe; 1% risk of failure)
Confirm with . or Enter, or press ? or * to list all spells.
The walls around you are covered in ice.
The wall freezes the two-headed ogre.
The two-headed ogre hits you with a +0 giant club!!
You die...

#........# ##[.# #.....#..#
#.....†..# #..## ###.)###...
#........######.## ###.'.YY###..
#.............<..###..§##..#.Y.(
#........#####.###......#..Y.()#
#...(....#####.####..#..##..(###
#............#.##.#....†.#.###..
#........###....#.##†.)#####....
##.......##...#@#..#.#'#.#...O.#
#...........###.O..###.(.##..##
#.........### ###....##...#..
#.........# ##....#.#'##, *
#.........# #....###..# *
#.........# #......)..##,
##.......## #..........# ,,
#.........# #..........##,
#.........# #...........#


You could see a two-headed ogre.

Vanquished Creatures
  Erolcha (D:8)
  A death knight (D:8)
  Maggie (D:8)
  Menkaure (D:7)
  A warg (D:9)
  A black bear (D:8)
  An ice beast (D:8)
  2 sky beasts (D:6)
  10 orc warriors
  4 ogres
  A necrophage (D:8)
  3 centaurs
  A wolf (D:8)
  A big kobold (D:7)
  A gnoll sergeant (D:7)
  3 bullfrogs
  2 scorpions
  A wyvern skeleton (D:8)
  A howler monkey (D:8)
  A quasit (D:7)
  2 hounds
  3 jellies
  A gnoll shaman (D:5)
  8 orc priests
  A centaur skeleton (D:8)
  13 orc wizards
  2 bullfrog skeletons
  2 iguanas (D:7)
  9 worker ants
  A hound zombie (D:8)
  2 hound skeletons (D:5)
  9 gnolls
  13 adders
  A river rat (D:4)
  5 shadow imps
  4 ufetubi
  2 adder zombies
  6 worms
  4 dart slugs
  3 leopard geckos
  29 orcs
  A giant cockroach (D:1)
  6 hobgoblins
  14 jackals
  6 quokkas
  11 bats
  5 frilled lizards
  15 goblins
  2 jackal zombies
  19 kobolds
  6 rats
243 creatures vanquished.

Vanquished Creatures (collateral kills)
  A hydra (D:8)
  A centaur warrior (D:8)
  A sky beast (D:8)
3 creatures vanquished.

Vanquished Creatures (others)
  An orc (D:9)
1 creature vanquished.

Grand Total: 247 creatures vanquished

Notes
Turn   | Place    | Note
-------+----------+-------------------------------------------
     0 | D:1      | lunkers the Octopode Ice Elementalist began the quest for
                  | the Orb.
     0 | D:1      | Reached XP level 1. HP: 11/11 MP: 3/3
   436 | D:1      | Reached XP level 2. HP: 15/17 MP: 3/5
   856 | D:1      | Reached XP level 3. HP: 20/21 MP: 1/6
  1051 | D:1      | Learned a level 3 spell: Frozen Ramparts
  1353 | D:2      | Found a blossoming altar of Fedhas.
  1540 | D:2      | Reached skill level 5 in Ice Magic
  1607 | D:2      | Reached XP level 4. HP: 23/27 MP: 3/8
  2971 | D:3      | Found a broken altar of Ashenzari.
  3072 | D:3      | Reached XP level 5. HP: 31/31 MP: 6/9
  3707 | D:3      | Reached skill level 6 in Ice Magic
  4039 | D:4      | Reached XP level 6. HP: 20/36 MP: 7/11
  4059 | D:4      | Learned a level 3 spell: Ozocubu's Armour
  4393 | D:3      | Became a worshipper of Ashenzari the Shackled
  4417 | D:4      | HP: 1/36 [ogre/+0 giant spiked club (1)]
  4743 | D:4      | Found a hazy altar of Hepliaklqana.
  5094 | D:4      | Found a staircase to the Ecumenical Temple.
  5110 | Temple   | Entered the Ecumenical Temple
  5295 | D:4      | Reached skill level 7 in Ice Magic
  5295 | D:4      | Reached XP level 7. HP: 36/41 MP: 9/13
  5386 | D:4      | Found a shadowy altar of Dithmenos.
  6003 | D:5      | Entered Level 5 of the Dungeon
  6124 | D:5      | Reached skill level 1 in Evocations
  6124 | D:5      | Reached skill level 1 in Fighting
  6850 | D:6      | Reached XP level 8. HP: 28/50 MP: 9/15
  7107 | D:6      | Reached skill level 8 in Ice Magic
  7453 | D:6      | Reached skill level 5 in Spellcasting
  8059 | D:7      | Found a flagged portal.
  8064 | D:7      | Got the hand axe of Tender Mercy {flame, Str+3}
  8065 | D:7      | Identified the +5 hand axe of Tender Mercy {flame, Str+3}
                  | (You found it on level 7 of the Dungeon)
  8068 | Bailey   | Entered a bailey
  8068 | Bailey   | Reached * piety under Ashenzari
  8390 | Bailey   | Found a burning altar of Makhleb.
  8401 | Bailey   | Reached skill level 1 in Shields
  8778 | D:7      | Noticed Menkaure
  8783 | D:7      | Killed Menkaure
  8783 | D:7      | Reached XP level 9. HP: 56/57 MP: 15/17
  8791 | D:7      | Reached skill level 9 in Ice Magic
 10780 | D:8      | Reached skill level 10 in Ice Magic
 10956 | D:8      | Found Hehac's Armour Shop.
 11076 | D:8      | Learned a level 4 spell: Summon Ice Beast
 11243 | D:8      | Noticed Maggie
 11254 | D:8      | Killed Maggie
 11254 | D:8      | Reached skill level 5 in Fighting
 11254 | D:8      | Reached XP level 10. HP: 20/66 MP: 19/19
 11787 | D:8      | Noticed an eight-headed hydra
 11825 | D:9      | Found a staircase to the Orcish Mines.
 12152 | D:9      | Noticed Erolcha
 12384 | D:8      | Killed Erolcha
 12384 | D:8      | Reached skill level 5 in Shields
 12472 | D:9      | Reached skill level 11 in Ice Magic
 12636 | D:9      | Reached ** piety under Ashenzari
 13146 | D:8      | Killed an eight-headed hydra
 13268 | D:8      | Noticed a death knight
 13268 | D:8      | Noticed a centaur warrior
 13300 | D:8      | Killed a death knight
 13448 | D:8      | Noticed a two-headed ogre
 13460 | D:8      | Killed a centaur warrior
 13460 | D:8      | Reached XP level 11. HP: 12/74 MP: 4/22
 13485 | D:8      | Demolished by a two-headed ogre

Illustrated notes

Levels and vault maps discovered:
D:1:      heliophobic_arrival_henge, layout_basic
D:2:      layout_loops_ring, fedhas_altar_4
D:3:      layout_basic, ashenzari_altar_1
D:4:      layout_rooms, overflow_temple_1_default,
          minmay_temple_entry_antechambers, lightli_sewer_entry_pipes,
          nicolae_dithmenos_through_a_glass_darkly
D:5:      layout_loops_ring
D:6:      layout_loops_ring
D:7:      layout_layer_cave, enter_bailey_2, nicolae_lava_and_water,
          uniq_menkaure
D:8:      minmay_slanted_spiral_squares, layout_rooms, serial_shops, shop,
          uniq_maggie
D:9:      layout_roguey, erik_orc_4, serial_ice, serial_ice_c, serial_ice_h,
          serial_ice_i, serial_ice_o, serial_ice_e, serial_ice_n, serial_ice_a,
          serial_ice_d, minivault_27, nicolae_alphabet_shops,
          minmay_ruined_shrine, uniq_erolcha
Temple:   regret_index_temple_chain_breaker

Skill      XL: |  1  2  3  4  5  6  7  8  9 10 |
---------------+-------------------------------+-----
Ice Magic      | 5 6 7 8 10 11 | 11.7
Spellcasting   | 3 4 5 6 7 |  7.5
Evocations     | 2 3 |  3.0
Fighting       | 2 3 5 6 |  6.5
Shields        | 2 4 5 |  5.9
Dodging        | |  2.0
Stealth        | |  2.6

Action                   |  1- 3 |  4- 6 |  7- 9 | 10-12 || total
-------------------------+-------+-------+-------+-------++-------
Melee: Unarmed           |     3 |       |       |       ||     3
       Constrict         |     2 |     6 |    14 |     5 ||    27
       Tentacles         |     1 |     6 |     9 |     3 ||    19
       Dagger            |     2 |    18 |    20 |       ||    40
       Hand axe          |       |       |    43 |    24 ||    67
 Cast: Freeze            |    46 |    76 |   108 |    25 ||   255
       Frozen Ramparts   |     1 |     6 |    22 |    21 ||    50
       Ozocubu's Armour  |       |       |     5 |     7 ||    12
       Summon Ice Beast  |       |       |       |    13 ||    13
Invok: Curse Item        |       |       |     1 |     1 ||     2
Evoke: Wand              |       |       |     9 |     1 ||    10
  Use: Potion            |       |     2 |       |       ||     2
 Stab: Paralysed         |       |       |     5 |       ||     5
       Sleeping          |       |       |     2 |       ||     2
Armor: Skin              |     4 |     3 |    14 |     3 ||    24
Dodge: Dodged            |    26 |    68 |   103 |    74 ||   271
Block: Kite shield       |       |       |    39 |    59 ||    98

Table legend: (Time is in decaauts)
 A = Elapsed time spent in this place.
 B = Non-inter-level travel time spent in this place.
 C = Inter-level travel time spent in this place.
 D = Time resting spent in this place.
 E = Time spent auto-exploring this place.
 F = Levels seen in this place.
 G = Mean time per level.
                   A        B        C        D        E       F      G
               +--------+--------+--------+--------+--------+-----+--------+
         Total |  13530 |  13236 |    294 |   1617 |   9759 |  11 | 1230.0 |
       Dungeon |  12885 |  12611 |    274 |   1493 |   9399 |   9 | 1431.7 |
        Temple |    146 |    126 |     20 |      0 |    126 |   1 |  146.0 |
        Bailey |    498 |    498 |      0 |    124 |    234 |   1 |  498.0 |
               +--------+--------+--------+--------+--------+-----+--------+

Top non-repeatable levels by time:
     D:8: 2795 daAuts
     D:7: 2220 daAuts
     D:4: 1956 daAuts
     D:2: 1360 daAuts
     D:1: 1273 daAuts
     D:3: 1266 daAuts
     D:6: 1169 daAuts
     D:5: 780 daAuts
  Bailey: 498 daAuts
  Temple: 146 daAuts
     D:9: 62 daAuts
